 Dungeon Crawl Stone Soup version 0.28-a0-1435-g82390b3a13 (webtiles) character file.

Game seed: 1551225869908661169

156 anonymouscript the Covert (level 5, -10/28 HPs)
             Began as a Spriggan Delver on Jan 9, 2022.
             Mangled by an ogre (27 damage)
             ... on level 6 of the Dungeon.
             The game lasted 00:01:38 (111 turns).

anonymouscript the Covert (Spriggan Delver)          Turns: 111, Time: 00:01:41

Health: -10/28     AC:  2    Str:  8    XL:     5   Next: 15%
Magic:  6/6        EV: 18    Int: 11    God:
Gold:   0          SH:  0    Dex: 19    Spells: 4/4 levels left

rFire   . . .      SeeInvis +   a - +0 short sword
rCold   . . .      Faith    .   (no shield)
rNeg    . . .      Spirit   .   b - +0 robe
rPois   .          Reflect  .   (helmet restricted)
rElec   .          Harm     .   (no cloak)
rCorr   .          Rampage  .   (gloves unavailable)
Will    .....                   (boots unavailable)
Stlth   +++++.....              (no amulet)
HPRegen 0.09/turn               (no ring)
MPRegen 0.10/turn               (no ring)

@: very quick
A: very small, no large weapons, unfitting armour, see invisible, speed 3
a: no special abilities


You were on level 6 of the Dungeon.
You visited 1 branch of the dungeon, and saw 2 of its levels.

Inventory:

Hand Weapons
 a - a +0 short sword (weapon)
Missiles
 h - 5 silver boomerangs (quivered)
Armour
 b - a +0 robe (worn)
Wands
 g - a wand of digging (3)
 i - a wand of paralysis (7)
Scrolls
 c - a scroll of fog
 d - a scroll of magic mapping
 e - a scroll of fear
Potions
 f - a potion of haste


   Skills:
 + Level 2.9 Fighting
 + Level 2.7 Short Blades
 + Level 3.0 Dodging
 + Level 9.9 Stealth


You had 4 spell levels left.
You didn't know any spells.
Your spell library was empty.

Dungeon Overview and Level Annotations

Branches:
Dungeon (6/15)
 Temple: D:4-7

Altars:


Innate Abilities, Weirdness & Mutations

You are very small and have problems with some larger weapons.
You are too small for most types of armour.
You have supernaturally acute eyesight. (SInv)
You cover ground extremely quickly. (Speed+++)


Message History

There is a stone staircase leading up here.
You open the large door.
An orc warrior and an ogre come into view.
The orc warrior shouts!
The ogre shouts!
There is a large open door here.
You hit the ogre.
The ogre is moderately wounded.
The ogre hits you with a +0 giant club!
Aiming: Paralyse
Press: ? - help, Shift-Dir - straight line, f - orc warrior
Aim: an orc warrior, wielding a +0 dire flail and wearing a +0 chain mail (chance to affect: 49%)
The orc warrior suddenly stops moving!
The helpless orc warrior fails to defend itself.
You impale the orc warrior!!
The orc warrior is almost dead.
The helpless orc warrior fails to defend itself.
You impale the orc warrior!!
You kill the orc warrior!
Your Dodging skill increases to level 3!
Your Stealth skill increases to level 9!
You have reached level 4!
You have reached level 5!
You feel agile.
Throw: 5 boomerangs (silver)
Press: ? - help, Q - select action, (/) - cycle Shift-Dir - straight line, f - ogre
Aim: an ogre, wielding a +0 giant club (lightly wounded, 76% to hit)
You throw a silver boomerang.
The silver boomerang hits the ogre but does no damage.
The ogre is moderately wounded.
Hit: a) +0 short sword
Press: ? - help, Dir - move target, f/p - ogre
Aim: an ogre, wielding a +0 giant club (moderately wounded, about 22% to evade your +0 short sword)
Okay, then.
Aiming: Paralyse
Press: ? - help, Shift-Dir - straight line, f/p - ogre
Aim: an ogre, wielding a +0 giant club (moderately wounded, chance to affect: 49%)
The ogre resists with some effort.
The ogre hits you with a +0 giant club!!
Ouch! That really hurt!
You die...

###### #.##@#
#########.##O#
≈≈≈≈≈≈≈#..)..#
......≈##.####
♣..≈#....#
♣..'O##.# .
♣..'.##.## #.
♣⌠.≈#.....# #.
.....≈####..#
# #.


You could see an ogre.

Vanquished Creatures
  An orc warrior (D:6)
  A bullfrog (D:6)
2 creatures vanquished.

Notes
Turn   | Place    | Note
-------+----------+-------------------------------------------
     0 | D:5      | anonymouscript the Spriggan Delver began the quest for the
                  | Orb.
     0 | D:5      | Reached XP level 1. HP: 11/11 MP: 2/2
     8 | D:6      | Noticed a bullfrog
    60 | D:6      | Noticed a bullfrog
    64 | D:6      | Killed a bullfrog
    65 | D:6      | Reached skill level 8 in Stealth
    65 | D:6      | Reached XP level 2. HP: 16/16 MP: 3/3
    65 | D:6      | Reached XP level 3. HP: 19/19 MP: 4/4
    95 | D:6      | Noticed an orc warrior
    95 | D:6      | Noticed an ogre
   107 | D:6      | Killed an orc warrior
   108 | D:6      | Reached skill level 9 in Stealth
   108 | D:6      | Reached XP level 4. HP: 14/23 MP: 5/5
   108 | D:6      | Reached XP level 5. HP: 17/28 MP: 6/6
   111 | D:6      | Mangled by an ogre

Illustrated notes

Levels and vault maps discovered:
D:5:      layout_basic, general_overflow_altar
D:6:      minmay_klotski, layout_loops_ring, minmay_temple_entry_nine_rooms,
          minmay_misc_feat_roman, kennysheep_generic_room_7

Skill      XL: |  1  2  3 |
---------------+----------+-----
Stealth        | 8 9 |  9.9
Dodging        | 3 |  3.0
Fighting       | |  2.9
Short Blades   | |  2.7

Action                   |  1- 3 |  4- 6 || total
-------------------------+-------+-------++-------
Melee: Short sword       |     4 |       ||     4
Throw: Boomerang         |       |     1 ||     1
Evoke: Wand              |     1 |     1 ||     2
 Stab: Sleeping          |     1 |       ||     1
       Paralysed         |     2 |       ||     2

Table legend: (Time is in decaauts)
 A = Elapsed time spent in this place.
 B = Non-inter-level travel time spent in this place.
 C = Inter-level travel time spent in this place.
 D = Time resting spent in this place.
 E = Time spent auto-exploring this place.
 F = Levels seen in this place.
 G = Mean time per level.
                   A        B        C        D        E       F      G
               +--------+--------+--------+--------+--------+-----+--------+
         Total |     70 |     70 |      0 |      0 |     16 |   2 |   35.0 |
       Dungeon |     70 |     70 |      0 |      0 |     16 |   2 |   35.0 |
               +--------+--------+--------+--------+--------+-----+--------+

Top non-repeatable levels by time:
     D:6: 69 daAuts
     D:5: 1 daAuts
